 Dungeon Crawl Stone Soup version 0.17-a0-1572-g7a1422d (webtiles) character file.

4109 Keiner the Grappler (level 10, -15/98 HPs)
             Began as a Troll Monk on July 25, 2015.
             Was a Believer of Qazlal.
             Demolished by Joseph
             ... wielding a +0 quarterstaff
              (24 damage)
             ... on level 7 of the Dungeon.
             The game lasted 00:33:29 (5997 turns).

Keiner the Grappler (Troll Monk)                    Turns: 5997, Time: 00:33:29

Health: -15/98     AC:  7    Str: 21    XL:     10   Next: 6%
Magic:  0/18       EV: 15    Int:  6    God:    Qazlal [**....]
Gold:   325        SH:  3    Dex: 15    Spells: 0 memorised, 9 levels left

rFire  . . .     SeeInvis .       - Unarmed
rCold  . . .     Clarity  .     h - +2 robe {MR+}
rNeg   . . .     SustAt   .     (no shield)
rPois  .         Gourm    +     (helmet restricted)
rElec  .         Spirit   +     (no cloak)
rCorr  .         Warding  .     (gloves unavailable)
rMut   .         Stasis   .     (boots unavailable)
MR     ++...                    u - amulet of guardian spirit
Stlth  +.........               a - ring of protection from magic
                                A - ring of magical power

@: very resistant to hostile enchantments, very unstealthy
A: unfitting armour, claws 3, fast metabolism 3, gourmand, regeneration 2,
shaggy fur 1, tough skin 2
a: Upheaval, Renounce Religion


You were on level 7 of the Dungeon.
You worshipped Qazlal.
Qazlal was pleased with you.
You were full.

You visited 2 branches of the dungeon, and saw 8 of its levels.

You collected 325 gold pieces.

Inventory:

Armour
 h - a +2 robe of magic resistance (worn)
Jewellery
 a - a ring of protection from magic (right claw)
 u - an amulet of guardian spirit (around neck)
 A - a ring of magical power (left claw)
Scrolls
 c - 2 scrolls of recharging
 g - a scroll of blinking
 i - 4 scrolls of teleportation
 q - 4 scrolls of remove curse
 s - a scroll of noise
 t - a scroll of enchant weapon
 w - a scroll of fear
 y - a scroll of immolation
Potions
 e - a potion of brilliance {unknown}
 f - 2 potions of agility
 j - 2 potions of magic
 m - a potion of might {unknown}
 o - 3 potions of curing
 p - a potion of lignification {unknown}
 r - a potion of resistance
Comestibles
 b - 5 bread rations
 d - a slice of pizza
 k - 5 fruits
 l - 5 chunks of flesh
 n - 2 meat rations


   Skills:
 + Level 6.2 Fighting
 + Level 8.4 Dodging
 - Level 1.1 Stealth
 + Level 9.5 Unarmed Combat
 + Level 1.0 Invocations


You had 9 spell levels left.
You didn't know any spells.

Dungeon Overview and Level Annotations

Branches:
Dungeon (7/15)             Temple (1/1) D:6

Altars:
Ashenzari
Cheibriados
Dithmenos
Elyvilon
Fedhas
Gozag
Kikubaaqudgha
Makhleb
Nemelex Xobeh
Okawaru
Qazlal
Ru
Sif Muna
Trog
Vehumet
Xom
Yredelemnul
Zin
The Shining One

Shops:
D:5 %   D:7 }

Annotations:
D:7 Joseph


Innate Abilities, Weirdness & Mutations

You are too large for most types of armour.
You have claws for hands.
Your metabolism is lightning-fast.
You like to eat raw meat.
You heal very quickly.
You are covered in fur (AC +1).
You have very tough skin (AC +2).


Message History

Your Invocations skill increases to level 1!
You claw Joseph!
Joseph begins to bleed from his wounds!
Joseph is lightly wounded.
Joseph completely misses you.
You closely miss Joseph.
Joseph is lightly wounded.
Joseph closely misses you. Joseph hits you with a quarterstaff!
* * * LOW HITPOINT WARNING * * *
You claw Joseph!
Joseph is moderately wounded.
Joseph hits you with a quarterstaff.
* * * LOW HITPOINT WARNING * * *
You scratch Joseph.
Joseph is moderately wounded.
Joseph hits you with a quarterstaff!
* * * LOW HITPOINT WARNING * * *
You closely miss Joseph.
Joseph is moderately wounded.
Joseph hits you with a quarterstaff!!
You die...

... .. ###.####...... ..
/.... ....... ... #..##
#.....# #... #$.#
#.....####..
##:###..........
#@#..........#####
######@#.#..##.........
#..............(#......
#.##.......#......###..
#.......##...#.##......
###........###.####....
####....#....#......#.##
###.......####............
##...###....#
#..........## #..###
####.###............


You could see Joseph (berserk).

Vanquished Creatures
  A hill giant (D:7)
  Pikel (D:6)
  Prince Ribbit (D:7)
  A spriggan (D:7)
  5 yaks (D:7)
  An orc warrior (D:6)
  3 ice beasts
  A phantom (D:3)
  A necrophage (D:7)
  A centaur (D:6)
  3 ogres
  A big kobold (D:7)
  2 giant frogs
  2 scorpions
  4 crimson imps
  A quasit (D:5)
  2 jellies
  Ijyb (D:2)
  5 hounds
  5 orc wizards
  2 iguanas
  3 worker ants
  A hound skeleton (D:4)
  6 adders
  4 gnolls (D:7)
  An adder zombie (D:5)
  5 worms
  4 giant geckos
  13 orcs
  15 bats
  A bat zombie (D:5)
  5 giant cockroaches
  8 goblins
  11 hobgoblins
  11 jackals
  18 kobolds
  5 quokkas
  2 ball pythons
  A giant gecko skeleton (D:4)
  4 giant newts
  2 gnoll zombies (D:6)
  14 rats
  2 bushes (Temple)
  2 plants (Temple)
182 creatures vanquished.

Vanquished Creatures (others)
  An ice beast (D:6)
  A crimson imp (D:6)
  2 orcs (D:6)
  A bat skeleton (D:6)
  A giant newt (D:6)
6 creatures vanquished.

Grand Total: 188 creatures vanquished

Notes
Turn   | Place    | Note
--------------------------------------------------------------
     0 | D:1      | Keiner the Troll Monk began the quest for the Orb.
     0 | D:1      | Reached XP level 1. HP: 22/22 MP: 0/0
   185 | D:1      | Reached XP level 2. HP: 29/29 MP: 1/1
   863 | D:2      | Reached XP level 3. HP: 36/36 MP: 2/2
   906 | D:2      | Noticed Ijyb
   919 | D:2      | Killed Ijyb
   924 | D:2      | Reached XP level 4. HP: 36/44 MP: 3/3
  1169 | D:2      | Reached skill level 5 in Unarmed Combat
  1621 | D:3      | Noticed a phantom
  1652 | D:3      | Killed a phantom
  1652 | D:3      | Reached XP level 5. HP: 51/53 MP: 4/4
  2454 | D:4      | Reached XP level 6. HP: 61/61 MP: 5/5
  3204 | D:4      | Noticed an ogre
  3208 | D:4      | Killed an ogre
  3208 | D:4      | Reached skill level 6 in Unarmed Combat
  3508 | D:5      | Entered Level 5 of the Dungeon
  3532 | D:5      | Reached XP level 7. HP: 54/68 MP: 6/6
  3704 | D:5      | Found Engulyurr's Food Shoppe.
  3715 | D:5      | Reached skill level 5 in Dodging
  3854 | D:5      | Reached skill level 7 in Unarmed Combat
  3854 | D:5      | Reached XP level 8. HP: 64/79 MP: 7/7
  4030 | D:6      | Noticed Pikel
  4054 | D:6      | Killed Pikel
  4054 | D:6      | Reached skill level 5 in Fighting
  4257 | D:6      | Reached skill level 8 in Unarmed Combat
  4353 | D:6      | Reached XP level 9. HP: 88/88 MP: 8/8
  4699 | D:6      | Found a staircase to the Ecumenical Temple.
  4712 | Temple   | Entered the Ecumenical Temple
  4847 | Temple   | Became a worshipper of Qazlal Stormbringer
  4847 | Temple   | Acquired Qazlal's first power
  4847 | Temple   | Acquired Qazlal's second power
  5143 | D:6      | Found a basalt altar of Yredelemnul.
  5553 | D:7      | Noticed a hill giant
  5564 | D:7      | Killed a hill giant
  5600 | D:7      | Noticed Prince Ribbit
  5736 | D:7      | Reached skill level 9 in Unarmed Combat
  5740 | D:7      | Killed Prince Ribbit
  5785 | D:7      | Found Gukkezet's Gadget Shoppe.
  5971 | D:7      | Noticed Joseph
  5986 | D:7      | Reached XP level 10. HP: 31/98 MP: 7/9
  5991 | D:7      | Reached skill level 1 in Invocations
  5997 | D:7      | Demolished by Joseph

Vault maps used:
D:1:      onia_arrival_mini_maze_b
D:2:      first_bread, uniq_iyjb
D:3:      minmay_misc_feat_ornament
D:4:      minmay_close_crescents
D:5:      serial_shops, nicolae_shop_statue_plus
D:6:      lemuel_zombie_altar_yredelemnul, minmay_temple_entry_statues_pillars,
          uniq_pikel
D:7:      serial_shops, shop, the_bakery, uniq_prince_ribbit1, uniq_joseph
Temple:   kilobyte_greek_temple_18

Action                   |  1- 3 |  4- 6 |  7- 9 | 10-12 || total
-------------------------+-------+-------+-------+-------++-------
Melee: Unarmed           |    81 |   194 |   339 |    10 ||   624
Invok: Upheaval          |       |       |     1 |       ||     1
  Use: Scroll            |       |     7 |    11 |       ||    18
       Potion            |       |       |     4 |       ||     4
 Stab: Sleeping          |     2 |     6 |     2 |       ||    10
  Eat: Chunk             |     6 |    18 |    25 |       ||    49
       Meat ration       |     1 |       |       |       ||     1
       Beef jerky        |       |       |     2 |       ||     2
